 Dungeon Crawl Stone Soup version 0.21.1-1-g345015f (webtiles) character file.

99 Mirai the Skirmisher (level 4, -3/35 HPs)
             Began as a Demonspawn Fighter on Mar 7, 2018.
             Slain by a gnoll
             ... wielding a +0 halberd
              (5 damage)
             ... on level 3 of the Dungeon.
             The game lasted 00:04:12 (931 turns).

Mirai the Skirmisher (Demonspawn Fighter)            Turns: 931, Time: 00:04:12

Health: -3/35      AC:  5    Str: 18    XL:     4   Next: 45%
Magic:  4/4        EV:  8    Int:  9    God:
Gold:   75         SH:  9    Dex: 12    Spells: 3/3 levels left

rFire    . . .     SeeInvis .   a - +0 war axe
rCold    . . .     Gourm    .   c - +0 shield
rNeg     . . .     Faith    .   l - +0 ring mail {rPois}
rPois    +         Spirit   .   (no helmet)
rElec    .         Reflect  .   (no cloak)
rCorr    +         Harm     .   (no gloves)
MR       .....                  (no boots)
Stlth    ..........             (no amulet)
HPRegen  0.11/turn              b - ring of resist corrosion
MPRegen  0.09/turn              (no ring)

@: no status effects
A: hooves 1, demonic guardian 1
a: no special abilities


You were on level 3 of the Dungeon.
You were not hungry.

You visited 1 branch of the dungeon, and saw 3 of its levels.

You collected 75 gold pieces.

Inventory:

Hand Weapons
 a - a +0 war axe (weapon)
 k - a +0 hand axe of freezing
Armour
 c - a +0 shield (worn)
 l - a +0 ring mail of poison resistance (worn)
Jewellery
 b - a ring of resist corrosion (left hand)
Scrolls
 e - a scroll of enchant armour {unknown}
 h - a scroll of blinking {unknown}
 j - 2 scrolls of identify {unknown}
 o - a scroll of teleportation {unknown}
 p - 2 scrolls of remove curse {unknown}
Potions
 d - a potion of might
 i - a potion of agility {unknown}
 m - a potion of brilliance {unknown}
 n - a potion of curing
 q - a potion of magic {unknown}
Comestibles
 f - 2 rations
 g - 2 chunks of flesh


   Skills:
 + Level 3.4 Fighting
 + Level 3.0 Axes
 + Level 3.1 Armour
 + Level 3.3 Shields


You had 3 spell levels left.
You didn't know any spells.

Dungeon Overview and Level Annotations

Branches:
Dungeon (3/15)

Altars:


Innate Abilities, Weirdness & Mutations

You have large cloven feet.
A weak demonic guardian rushes to your aid.


Message History

The gnoll hits you with an enchanted halberd.
You slash the gnoll! Your kick misses the gnoll.
The gnoll is almost dead.
The gnoll barely misses you.
The gnoll hits you with an enchanted halberd.
You closely miss the gnoll.
The gnoll is almost dead.
You block the gnoll's attack.
The gnoll hits you from afar with a spear!
* * * LOW HITPOINT WARNING * * *
You slash the gnoll!
You kill the gnoll!
Your Axes skill increases to level 3!
You block the gnoll's attack.
The gnoll hits you from afar with a halberd.
* * * LOW HITPOINT WARNING * * *
The gnoll hits you with a spear.
* * * LOW HITPOINT WARNING * * *
The gnoll hits you with a halberd.
You die...

#....####... ..#
###.##....... ...#
........###.####...#
#.......#.......##..
#......[#†.#......
#.#..).))(..(..###.#
#.....#..<..5...$..#
###...#..###.#######
#.#....# #@#
...###....gg# ....
###.##)# .....
#.##.. ..... ....#
.... #.. #.. ...


You could see 2 gnolls and a friendly quasit.

Vanquished Creatures
  Terence (D:2)
  A gnoll (D:3)
  An adder (D:2)
  An ooze (D:2)
  4 orcs (D:3)
  4 bats
  4 giant cockroaches
  3 goblins
  2 hobgoblins
  2 quokkas (D:2)
  4 frilled lizards
  6 kobolds
  4 rats
37 creatures vanquished.

Vanquished Creatures (collateral kills)
  Jessica (D:2)
1 creature vanquished.

Grand Total: 38 creatures vanquished

Notes
Turn   | Place    | Note
-------+----------+-------------------------------------------
     0 | D:1      | Mirai the Demonspawn Fighter began the quest for the Orb.
     0 | D:1      | Reached XP level 1. HP: 18/18 MP: 1/1
   210 | D:1      | Gained mutation: A weak demonic guardian rushes to your aid. [demonic ancestry]
   210 | D:1      | Reached XP level 2. HP: 24/24 MP: 2/2
   249 | D:1      | You fall through a shaft!
   351 | D:2      | Noticed Jessica
   380 | D:2      | Noticed Terence
   391 | D:2      | Killed Terence
   391 | D:2      | Reached XP level 3. HP: 21/29 MP: 3/3
   617 | D:2      | Killed Jessica
   659 | D:2      | Gained mutation: You have large cloven feet. [demonic ancestry]
   659 | D:2      | Reached XP level 4. HP: 35/35 MP: 4/4
   931 | D:3      | Slain by a gnoll

Skill      XL: |  1  2  3  4 |
---------------+-------------+-----
Axes           | 2 3 |  3.0
Armour         | 3 |  3.1
Shields        | 3 |  3.3
Fighting       | |  3.4

Action                   |  1- 3 |  4- 6 || total
-------------------------+-------+-------++-------
Melee: War axe           |    76 |    27 ||   103
       Kick              |       |     4 ||     4
Armor: Scale mail        |    42 |       ||    42
       Ring mail         |     2 |     7 ||     9
Dodge: Dodged            |    23 |     5 ||    28
Block: Shield            |    50 |    14 ||    64
